 Dungeon Crawl Stone Soup version 0.24-a0-580-g6a6c3f83c1 (webtiles) character file.

Game seed: 4532933669015579208

136319 Flugkiller the Nimble (level 16, -2/103 HPs)
             Began as a Deep Elf Transmuter on Aug 21, 2019.
             Was the Champion of Cheibriados.
             Slain by an anaconda (14 damage)
             ... on level 2 of the Snake Pit on Aug 22, 2019.
             The game lasted 01:03:30 (31283 turns).

Flugkiller the Nimble (Deep Elf Transmuter)        Turns: 31283, Time: 01:03:30

Health: -2/103     AC: 12    Str: 28    XL:     16   Next: 66%
Magic:  33/33      EV: 26    Int: 38    God:    Cheibriados [******]
Gold:   1711       SH:  0    Dex: 31    Spells: 6/21 levels left

rFire    + + .     SeeInvis +     - Unarmed
rCold    x . .     Gourm    .   (shield currently unavailable)
rNeg     . . .     Faith    .   H - +0 troll leather armour
rPois    .         Spirit   .   y - +0 hat {SInv}
rElec    .         Reflect  .   w - +0 cloak {+Inv}
rCorr    .         Harm     .   (gloves currently unavailable)
MR       +....                  X - +3 pair of boots of Qug Waer {MP+9 Slay+2}
Stlth    ++........             Q - amulet "Ybliuk" {Acrobat rF+ Str+4}
HPRegen  0.67/turn              N - ring of fire
MPRegen  0.23/turn              D - ring of wizardry

@: lethally poisoned (-2 -> -5), blade hands, constricted, very slow
A: antennae 1, blink, MP-powered wands
a: End Transformation, Blink, Bend Time, Temporal Distortion, Slouch, Step From
Time, Renounce Religion, Evoke Invisibility


You were on level 2 of the Snake Pit.
You worshipped Cheibriados.
Cheibriados was exalted by your worship.
You were hungry.
You had blades for hands.
You visited 5 branches of the dungeon, and saw 27 of its levels.

You collected 2711 gold pieces.
You spent 1000 gold pieces at shops.

Inventory:

Hand Weapons
 v - the +5 glaive of Eruqumaffiel (melded) {chop, MP+9}
   (You found it on level 7 of the Dungeon)

   It inflicts extra damage upon your enemies.
   It affects your magic capacity (+9).
Missiles
 a - 543 arrows
 r - 37 boomerangs (quivered)
 B - 3 throwing nets
Armour
 w - a +0 cloak of invisibility (worn)
   (You bought it in a shop on level 6 of the Dungeon)
 y - a +0 hat of see invisible (worn)
   (You found it on level 5 of the Dungeon)
 A - a +2 pair of gloves (melded)
   (You found it on level 6 of the Dungeon)
 E - a +2 robe of fire resistance
   (You took it off Pikel on level 9 of the Dungeon)
 H - a +0 troll leather armour (worn)
   (You found it on level 10 of the Dungeon)
 W - a +3 plate armour of magic resistance
   (You took it off an orc warlord on level 10 of the Dungeon)
 X - the +3 pair of boots of Qug Waer (worn) {MP+9 Slay+2}
   (You bought it in a shop on level 2 of the Orcish Mines)

   It affects your accuracy and damage with ranged weapons and melee attacks
   (+2).
   It affects your magic capacity (+9).
Jewellery
 b - an uncursed ring of poison resistance
   (You found it on level 9 of the Dungeon)
 h - an uncursed ring of ice
   (You found it on level 3 of the Dungeon)
 j - an uncursed ring of stealth
   (You found it on level 4 of the Dungeon)
 D - a ring of wizardry (right scythe-like blade)
   (You found it on level 8 of the Dungeon)
 I - an uncursed ring of ice
   (You took it off Fannar on level 10 of the Dungeon)
 N - a ring of fire (left scythe-like blade)
   (You found it on level 4 of the Lair of Beasts)
 Q - the amulet "Ybliuk" (around neck) {Acrobat rF+ Str+4}
   (You found it on level 1 of the Snake Pit)

   [amulet of the acrobat]

   It helps you evade while moving and waiting.
   It affects your strength (+4).
   It protects you from fire.
Wands
 o - a wand of digging (8)
   (You found it on level 9 of the Dungeon)
 q - a wand of acid (3)
   (You took it off an orc warrior on level 15 of the Dungeon)
 F - a wand of flame (11)
   (You took it off Pikel on level 9 of the Dungeon)
 K - a wand of clouds (4)
   (You found it on level 6 of the Lair of Beasts)
 S - a wand of iceblast (3)
   (You found it on level 12 of the Dungeon)
 U - a wand of enslavement (7)
   (You found it on level 13 of the Dungeon)
Scrolls
 d - 7 scrolls of teleportation
 g - 12 scrolls of remove curse
 k - 3 scrolls of enchant armour
 l - 10 scrolls of amnesia
 n - a scroll of silence
 p - 4 scrolls of identify
 t - 5 scrolls of magic mapping
 u - 6 scrolls of fog
 x - 2 scrolls of immolation
 G - a scroll of fear
Potions
 c - 2 potions of resistance
 e - 4 potions of flight
 z - 6 potions of cancellation
 C - 6 potions of curing
 M - a potion of ambrosia
 O - 5 potions of lignification
 P - a potion of might
 R - 2 potions of brilliance
Miscellaneous
 L - a phial of floods (inert)
   (You found it on level 11 of the Dungeon)
Comestibles
 f - 46 rations


   Skills:
 * Level 12.7 Fighting
 - Level 11.0 Armour
 + Level 14.4 Dodging
 * Level 13.8 Unarmed Combat
 - Level 3.0 Spellcasting
 - Level 7.0 Transmutations
 - Level 3.0 Ice Magic
 - Level 9.0 Invocations
 - Level 5.0 Evocations


You had 6 spell levels left.
You knew the following spells:

 Your Spells              Type           Power        Failure   Level  Hunger
a - Beastly Appendage     Tmut           ######       4%          1    None
b - Sticks to Snakes      Tmut           ######..     4%          2    None
c - Spider Form           Tmut/Pois      ####......   11%         3    ##.....
d - Ice Form              Ice/Tmut       #####...     14%         4    ####...
e - Blade Hands           Tmut           ######....   16%         5    #####..

Your spell library contained the following spells:

 Spells                   Type           Power        Failure   Level  Hunger
 Corona                   Hex            #......      12%         1    None
 Slow                     Hex            #.......     16%         2    None
 Inner Flame              Hex/Fire       #.......     24%         3    ##.....
 Portal Projectile        Hex/Tloc       #.....       24%         3    ##.....
 Cause Fear               Hex            #.........   47%         4    ####...
 Leda's Liquefaction      Hex/Erth       #.........   47%         4    ####...


Dungeon Overview and Level Annotations

Branches:
Dungeon (15/15)            Temple (1/1) D:7            Lair (6/6) D:11
 Shoals (0/4) Lair:2        Snake (3/4) Lair:3        Slime (0/5) Lair:5
    Orc (2/2) D:10            Elf (0/3) Orc:2        Vaults (0/5) D:14
 Depths (0/5) D:15

Altars:
Ashenzari
Cheibriados
Dithmenos
Elyvilon
Fedhas
Gozag
Makhleb
Nemelex Xobeh
Okawaru
Qazlal
Sif Muna
Trog
Uskayaw
Vehumet
Xom
Beogh
Jiyva

Shops:
D:4 }   D:6 (*([?   D:7 *   D:8 *[[[(   Orc:2 *}([(?([

Annotations:
D:10 3 runed translucent doors, mopl's ghost, journeyman MfAK
Lair:5 exclusion: 4 oklob plants


Innate Abilities, Weirdness & Mutations

You have a pair of small antennae on your head.
You can translocate small distances at will.
You expend magic power (3 MP) to strengthen your wands.


Message History

Cheibriados thoroughly appreciates the change of pace.
Training target 11.0 for Armour reached!
Your Armour skill increases to level 11!
You need to enable at least one skill for training.
You feel sick.
The naga sharpshooter shoots a bolt.
The bolt hits you!
* * * LOW HITPOINT WARNING * * *
You feel sick. The anaconda grabs you.
You stop ascending the stairs.
The anaconda bites you!
* * * LOW HITPOINT WARNING * * *
* * * LOW HITPOINT WARNING * * *
The anaconda constricts you.
The naga sharpshooter shoots a bolt.
The bolt closely misses you.
Unknown command.
Evoke which item? (* to show all) (? for menu, Esc to quit)
Aim the phial where?
Press: ? - help, Shift-Dir - straight line, f - anaconda
Aim: an anaconda (constricting you)
The torrent of water hits the anaconda!!
The anaconda is moderately wounded.
The wave splashes down.
The water rises up and takes form.
You feel sick.
You hear a shout! x8; You hear an angry hiss.
The anaconda barely misses you.
* * * LOW HITPOINT WARNING * * *
The anaconda constricts you. The anaconda barely misses you.
* * * LOW HITPOINT WARNING * * *
The anaconda constricts you.
You escape the anaconda's grasp.
You feel sick.
The naga sharpshooter spits poison at you.
The splash of poison hits you!
You are more poisoned.
* * * LOW HITPOINT WARNING * * *
The anaconda misses you. x2
You climb upwards.
Your summoned ally is left behind.
You feel sick.
There is a stone staircase leading down here.
Unknown command.
You fail to use your ability.
You feel sick. The anaconda completely misses you. The anaconda misses you.
The anaconda closely misses you. x2
Unknown command.
You fail to use your ability.
You feel sick. The anaconda grabs you. The anaconda closely misses you.
* * * LOW HITPOINT WARNING * * *
The anaconda constricts you. The anaconda completely misses you.
* * * LOW HITPOINT WARNING * * *
The anaconda constricts you.
You fail to use your ability.
You feel sick. The anaconda bites you.
* * * LOW HITPOINT WARNING * * *
* * * LOW HITPOINT WARNING * * *
The anaconda constricts you. The anaconda bites you!
You die...

###..#..##............#####.....
#...#..###............#.........
##.##..####......................
#..##.####......................†
..#...###........................
.#..####.........................
...#####.........................
.................................
................@............####
................S............#
.......<.....................###
...............................#
..................)............##
#.................#).....##......
####..........######....###......
##.....##..# #...## #####..
###..####.# ##..# ##.


You could see an anaconda.

Vanquished Creatures
  Kirke (Snake:2)
  2 nagarajas (Snake:2)
  2 orc warlords
  Nessos (Lair:4)
  An ettin (D:14)
  A fire dragon (D:15)
  9 hydras
  10 naga warriors
  Fannar (D:10)
  An ice dragon (D:15)
  A rakshasa (D:15)
  3 catoblepae (Lair:6)
  4 anacondas
  2 centaur warriors
  4 two-headed ogres
  7 death yaks (Lair:6)
  4 tengu warriors
  An orc high priest (Orc:2)
  3 shock serpents
  4 naga sharpshooters
  4 skeletal warriors (D:13)
  4 naga ritualists
  An unseen horror (D:12)
  3 sea snakes (Snake:1)
  A harpy (shapeshifter) (D:13)
  An orc knight (Orc:2)
  A wizard (D:15)
  Pikel (D:9)
  A wolf spider (D:15)
  A lindwurm (Lair:1)
  3 salamanders
  6 mana vipers
  4 cyclopes
  A deep elf mage (D:15)
  3 manticores
  8 ugly things
  6 orc sorcerers (Orc:2)
  5 elephants (Lair:4)
  Joseph (D:10)
  28 black mambas
  An elephant (shapeshifter) (D:15)
  5 naga magi
  4 guardian serpents
  13 spiny frogs
  A centaur skeleton (D:14)
  2 gargoyles
  2 torpor snails
  A freezing wraith (D:14)
  3 komodo dragons
  A rime drake (Lair:6)
  A yaktaur (D:15)
  An efreet (D:13)
  A queen bee (Lair:5)
  10 trolls
  2 polar bears (Lair:6)
  3 meliai (Lair:5)
  A hornet (D:13)
  11 dream sheep
  11 hippogriffs
  13 blink frogs
  19 slime creatures
  A spriggan (D:9)
  3 wraiths (D:10)
  2 vampires
  A hog (shapeshifter) (D:14)
  60 yaks
  4 wyverns
  7 hogs (Snake:2)
  5 basilisks
  2 hungry ghosts
  Grum (D:11)
  9 wargs
  Menkaure (D:5)
  28 nagas
  11 vampire mosquitoes (D:12)
  14 porcupines
  9 water moccasins
  43 orc warriors
  3 black bears
  5 sky beasts
  4 ice beasts
  2 eyes of draining
  A phantom (D:12)
  4 ogres
  8 centaurs
  18 wolves
  11 crocodiles
  2 big kobolds
  20 bullfrogs
  A wyvern zombie (D:13)
  A wyvern skeleton (D:6)
  6 scorpions
  8 wights (D:9)
  20 killer bees
  An electric eel (Snake:1)
  6 crimson imps
  5 centaur zombies
  A bullfrog zombie (D:12)
  7 hounds
  26 orc priests
  A jelly (D:8)
  A quasit (D:8)
  26 orc wizards
  4 bullfrog skeletons
  3 iguanas
  12 worker ants
  Natasha (thrice) (D:4)
  4 gnolls (D:7)
  A howler monkey skeleton (D:7)
  11 adders
  3 shadow imps
  An adder skeleton (D:5)
  A worm (D:4)
  3 leopard geckos
  129 orcs
  A ball python (D:3)
  5 bats
  5 giant cockroaches
  3 goblins
  5 hobgoblins
  2 jackals (D:2)
  4 quokkas
  5 frilled lizards
  16 kobolds
  A quokka skeleton (D:9)
  5 rats
  3 plants
870 creatures vanquished.

Vanquished Creatures (collateral kills)
  An ugly thing (D:11)
  An elephant (Lair:4)
  2 trolls (D:10)
  A wraith (D:10)
  An ogre (D:4)
  A worker ant zombie (D:11)
  A shadow imp (D:10)
  An orc (D:10)
  2 fungi (Lair:6)
11 creatures vanquished.

Vanquished Creatures (others)
  12 fungi
  5 plants
17 creatures vanquished.

Grand Total: 898 creatures vanquished

Notes
Turn   | Place    | Note
-------+----------+-------------------------------------------
     0 | D:1      | Flugkiller the Deep Elf Transmuter began the quest for the
                  | Orb.
     0 | D:1      | Reached XP level 1. HP: 11/11 MP: 6/6
   489 | D:1      | Reached XP level 2. HP: 3/16 MP: 8/8
  1292 | D:2      | Learned a level 2 spell: Sticks to Snakes
  1493 | D:2      | Reached XP level 3. HP: 17/20 MP: 9/9
  1985 | D:2      | Learned a level 3 spell: Spider Form
  2751 | D:3      | Reached XP level 4. HP: 11/24 MP: 8/10
  2977 | D:3      | Reached skill level 1 in Fighting
  2983 | D:3      | Reached skill level 3 in Dodging
  3299 | D:3      | Reached XP level 5. HP: 22/30 MP: 11/11
  3492 | D:3      | Gained mutation: You are dopey. (Int -2) [potion of
                  | mutation]
  3492 | D:3      | Gained mutation: Scrolls take you a little longer to read.
                  | [potion of mutation]
  3492 | D:3      | Gained mutation: You can translocate small distances at
                  | will. [potion of mutation]
  3709 | D:4      | Noticed an ogre
  4347 | D:4      | Reached skill level 4 in Dodging
  4488 | D:4      | Reached XP level 6. HP: 26/36 MP: 6/12
  4636 | D:4      | Found Rarym's Gadget Emporium.
  4657 | D:4      | Bought a wand of paralysis (10) for 144 gold pieces
  4757 | D:4      | Noticed Natasha
  4763 | D:4      | Killed Natasha
  4763 | D:4      | Reached skill level 5 in Dodging
  4912 | D:4      | Noticed Natasha
  4922 | D:4      | Killed Natasha
  4922 | D:4      | Reached skill level 1 in Evocations
  5223 | D:4      | Noticed Natasha
  5236 | D:4      | Killed Natasha
  5473 | D:4      | Reached XP level 7. HP: 40/42 MP: 6/13
  5524 | D:5      | Entered Level 5 of the Dungeon
  5770 | D:5      | Noticed Menkaure
  5786 | D:5      | Killed Menkaure
  5992 | D:5      | Reached skill level 5 in Evocations
  6832 | D:6      | Found Muvecvef's Weapon Boutique.
  6920 | D:6      | Found Bis Dogo's Magic Scroll Boutique.
  6963 | D:6      | Found Juddid's Armour Boutique.
  7030 | D:6      | Found a blossoming altar of Fedhas.
  7035 | D:6      | Reached XP level 8. HP: 42/48 MP: 10/14
  7060 | D:6      | Found Miamobb's Weapon Emporium.
  7102 | D:6      | Found Xueth's General Store.
  7631 | D:6      | Reached skill level 5 in Transmutations
  8323 | D:7      | Learned a level 4 spell: Ice Form
  8563 | D:6      | Reached skill level 1 in Ice Magic
  9165 | D:7      | Found Yryme's General Store.
  9182 | D:7      | Got an ancient glaive
  9227 | D:7      | Identified the +5 glaive of Eruqumaffiel {chop, MP+9} (You
                  | found it on level 7 of the Dungeon)
  9320 | D:7      | Found a staircase to the Ecumenical Temple.
  9325 | Temple   | Entered the Ecumenical Temple
  9351 | Temple   | Became a worshipper of Cheibriados the Contemplative
  9465 | D:8      | Found Loczu's Antique Armour Shoppe.
  9466 | D:8      | Found Vownesuse's Antique Weapon Emporium.
  9536 | D:6      | Bought a +0 cloak of invisibility for 126 gold pieces
  9670 | D:8      | Reached skill level 1 in Invocations
  9711 | D:8      | Found Tuneh's Armour Shop.
  9723 | D:8      | Found Firrad's General Store.
  9736 | D:8      | Reached XP level 9. HP: 51/52 MP: 12/15
  9772 | D:8      | Bought a potion of mutation for 88 gold pieces
  9772 | D:8      | Lost mutation: You are dopey. (Int -2) [potion of mutation]
  9772 | D:8      | Lost mutation: Scrolls take you a little longer to read.
                  | [potion of mutation]
  9772 | D:8      | Gained mutation: You passively map a small area around you.
                  | [potion of mutation]
  9772 | D:8      | Gained mutation: You possess an exceptional clarity of
                  | mind. [potion of mutation]
  9919 | D:8      | Reached * piety under Cheibriados
 10098 | D:8      | Found Deseo's Armour Shoppe.
 10437 | D:9      | HP: 3/62 [wight/cursed +0 short sword (3)]
 10446 | D:9      | Noticed a troll
 10738 | D:9      | Reached skill level 6 in Dodging
 10921 | D:9      | Killed a troll
 10984 | D:9      | Reached skill level 5 in Unarmed Combat
 11018 | D:9      | Reached skill level 5 in Fighting
 11325 | D:9      | Reached skill level 7 in Dodging
 11349 | D:9      | Reached ** piety under Cheibriados
 11441 | D:9      | Found a sparkling altar of Nemelex Xobeh.
 11446 | D:9      | Found a sparkling altar of Nemelex Xobeh.
 11588 | D:9      | Noticed Pikel
 11598 | D:9      | Killed Pikel
 11721 | D:10     | Entered Level 10 of the Dungeon
 11748 | D:10     | Reached XP level 10. HP: 60/60 MP: 16/16
 11752 | D:10     | Reached skill level 8 in Dodging
 12101 | D:10     | Noticed Joseph
 12126 | D:10     | Killed Joseph
 12396 | D:10     | Found the +5 scythe "Finisher" {speed, eviscerate}
 12488 | D:8      | Bought a scroll of teleportation for 33 gold pieces
 12488 | D:8      | Bought a scroll of blinking for 82 gold pieces
 12538 | D:7      | Bought a scroll of teleportation for 33 gold pieces
 12617 | D:6      | Bought a scroll of teleportation for 33 gold pieces
 12617 | D:6      | Bought a scroll of teleportation for 33 gold pieces
 12862 | D:10     | Reached *** piety under Cheibriados
 12963 | D:10     | Learned a level 5 spell: Blade Hands
 13037 | D:10     | Found a roughly hewn altar of Beogh.
 13037 | D:10     | Found a staircase to the Orcish Mines.
 13289 | D:10     | Found a runed translucent gate.
 13289 | D:10     | Found a runed translucent gate.
 13289 | D:10     | Found a runed translucent gate.
 13294 | D:10     | Noticed mopl's ghost (journeyman MfAK)
 13294 | D:10     | Noticed a spectral centaur warrior
 13408 | D:10     | Noticed Fannar
 13448 | D:10     | Killed Fannar
 13613 | D:11     | Found a staircase to the Lair.
 13636 | D:10     | Reached XP level 11. HP: 3/68 MP: 17/17
 14088 | D:11     | Noticed a white ugly thing
 14095 | D:11     | Killed a white ugly thing
 14095 | D:11     | Reached skill level 5 in Invocations
 14348 | D:11     | Reached **** piety under Cheibriados
 14352 | D:11     | Noticed Grum
 14372 | D:11     | HP: 3/81 [Grum/-2 halberd (20)]
 14373 | D:11     | Killed Grum
 14741 | Lair:1   | Entered Level 1 of the Lair of Beasts
 14790 | Lair:1   | Noticed a lindwurm
 14799 | Lair:1   | Killed a lindwurm
 14799 | Lair:1   | Reached skill level 9 in Dodging
 14984 | Lair:1   | Reached skill level 10 in Dodging
 15261 | Lair:1   | Reached skill level 11 in Dodging
 15332 | Lair:1   | HP: 2/81 [yak (16)]
 15874 | Lair:2   | Reached XP level 12. HP: 57/73 MP: 17/19
 16157 | Lair:2   | Noticed a four-headed hydra
 16169 | Lair:2   | Killed a four-headed hydra
 16169 | Lair:2   | Reached skill level 10 in Unarmed Combat
 16307 | Lair:2   | Found a staircase to the Shoals.
 16742 | Lair:3   | Found a staircase to the Snake Pit.
 16883 | Lair:3   | Reached ***** piety under Cheibriados
 17527 | Lair:4   | Noticed Nessos
 17558 | Lair:4   | Killed Nessos
 17990 | Lair:4   | Reached XP level 13. HP: 74/80 MP: 21/21
 18933 | Lair:5   | Found a viscous altar of Jiyva.
 18933 | Lair:5   | Found a staircase to the Slime Pits.
 19063 | Lair:5   | Reached skill level 12 in Dodging
 19487 | Lair:6   | Entered Level 6 of the Lair of Beasts
 19503 | Lair:6   | Found a shimmering altar of Xom.
 19759 | Lair:5   | Reached skill level 10 in Fighting
 19873 | Lair:5   | Lost mutation: You possess an exceptional clarity of mind.
                  | [potion of mutation]
 19873 | Lair:5   | Lost mutation: You passively map a small area around you.
                  | [potion of mutation]
 19873 | Lair:5   | Gained mutation: You have a pair of small antennae on your
                  | head. [potion of mutation]
 19873 | Lair:5   | Gained mutation: You expend magic power (3 MP) to
                  | strengthen your wands. [potion of mutation]
 21044 | Lair:6   | Reached XP level 14. HP: 54/88 MP: 22/22
 21059 | Lair:6   | Reached skill level 13 in Dodging
 21820 | D:12     | Reached ****** piety under Cheibriados
 24237 | D:14     | Reached skill level 14 in Dodging
 24237 | D:14     | Reached XP level 15. HP: 77/96 MP: 23/23
 24511 | D:14     | Found a gate to the Vaults.
 24846 | D:15     | Entered Level 15 of the Dungeon
 25602 | D:15     | Found a staircase to the Depths.
 26287 | Orc:1    | Entered Level 1 of the Orcish Mines
 26347 | Orc:1    | Noticed an orc warlord
 26575 | D:10     | Killed an orc warlord
 26864 | Orc:2    | Entered Level 2 of the Orcish Mines
 26910 | Orc:2    | Found a roughly hewn altar of Beogh.
 26981 | Orc:2    | Reached skill level 1 in Armour
 27070 | Orc:2    | Found a roughly hewn altar of Beogh.
 27076 | Orc:2    | Paralysed by an orc sorcerer for 6 turns
 27087 | Orc:2    | Found Fuseycis's Gadget Emporium.
 27195 | Orc:2    | Found Opladigu's Antique Armour Shoppe.
 27200 | Orc:2    | Found Gous's Antique Weapon Boutique.
 27251 | Orc:2    | Bought a pair of steaming boots for 228 gold pieces
 27251 | Orc:2    | Identified the +3 pair of boots of Qug Waer {MP+9 Slay+2}
                  | (You bought it in a shop on level 2 of the Orcish Mines)
 27381 | Orc:2    | Noticed an orc warlord
 27439 | Orc:2    | Killed an orc warlord
 27589 | Orc:2    | Found Fuleph's Antique Armour Emporium.
 27590 | Orc:2    | Found a roughly hewn altar of Beogh.
 27591 | Orc:2    | Found Liofisyt's Antique Weapon Shoppe.
 27702 | Orc:2    | Found Daff's Magic Scroll Shop.
 27734 | Orc:2    | Bought a scroll of magic mapping for 56 gold pieces
 27734 | Orc:2    | Bought a scroll of teleportation for 48 gold pieces
 27734 | Orc:2    | Bought a scroll of teleportation for 48 gold pieces
 27734 | Orc:2    | Bought a scroll of teleportation for 48 gold pieces
 27810 | Orc:2    | Found Segit's Assorted Antiques.
 27897 | Orc:2    | Found a roughly hewn altar of Beogh.
 27979 | Orc:2    | Found a roughly hewn altar of Beogh.
 27986 | Orc:2    | Found Toenit's Antique Weapon Boutique.
 28083 | Orc:2    | Found a roughly hewn altar of Beogh.
 28098 | Orc:2    | Found a staircase to the Elven Halls.
 28337 | Snake:1  | Entered Level 1 of the Snake Pit
 28351 | Lair:3   | Reached skill level 5 in Armour
 29176 | Snake:1  | Got a smoking diamond amulet
 29177 | Snake:1  | Identified the amulet "Ybliuk" {Acrobat rF+ Str+4} (You
                  | found it on level 1 of the Snake Pit)
 29413 | Snake:1  | Reached XP level 16. HP: 84/103 MP: 24/24
 30070 | Snake:2  | HP: 3/103 [naga sharpshooter/bolt (24)]
 30080 | Snake:2  | HP: 2/103 [shock serpent/bolt of electricity (28)]
 30084 | Snake:2  | Noticed Kirke
 30088 | Snake:2  | Killed Kirke
 30640 | Snake:2  | Reached skill level 10 in Armour
 31283 | Snake:2  | Slain by an anaconda

Levels and vault maps discovered:
D:1:      elethiomel_arrival_maze, layout_rooms, feat_on_display
D:2:      layout_basic, chequers_serial_rivers_micro_d, chequers_big_river,
          minmay_small_reverse_x
D:3:      layout_loops_corners, first_ration
D:4:      layout_basic, serial_shops, shop, uniq_natasha
D:5:      layout_basic, uniq_menkaure
D:6:      layout_gridville, serial_shops, nicolae_shop_trees, shop,
          nicolae_shop_stone, shop, shop, kennysheep_crisscross,
          fedhas_ov_isle_minmay
D:7:      layout_basic, temple_doors_ab, serial_shops, nicolae_shop_trees
D:8:      layout_loops_ring, serial_shops, shop, shop, shop,
          nicolae_shop_statue_plus, shop
D:9:      layout_loops_cross, nemelex_xobeh_ov_fountains_minmay, the_bakery,
          nemelex_spade_bored_becter, uniq_pikel
D:10:     layout_irregular_city, david_orc_5, gammafunk_ghost_necromancy,
          minmay_guarded_unrand_finisher, uniq_joseph, uniq_fannar
D:11:     layout_gridville, due_lair_maze_entry_diamond, dk_noncrumbling_3,
          minmay_parallelograms, uniq_grum
D:12:     layout_loops_ring
D:13:     layout_loops_corners, grunt_ministairs_8
D:14:     layout_stronghold, david_vaults_4, infiniplex_staircase_trident
D:15:     grunt_enter_depths_hoard, layout_loops_ring, minmay_misc_feat_room,
          minmay_splitting_lines, st_stairs_8
Temple:   nicolae_temple_the_god_donut
Lair:1:   layout_long_grid, grunt_megastairs_4
Lair:2:   layout_loops_ring, minmay_shoals_entry_centaurs, minivault_19
Lair:3:   layout_regular_city, minmay_snake_entry_guardpost_medium
Lair:4:   layout_gridlike, serial_bayou_pond_a, uniq_nessos
Lair:5:   layout_gridlike, slime_altar_1, special_room [special_room_bee],
          minmay_lair_oklob_chamber
Lair:6:   evilmike_catoblepas_cave, layout_cave_pods, basic_altar, minivault_27,
          grunt_megastairs_3, infiniplex_staircase_pool_2
Snake:1:  layout_grid_maze, serial_bayou_shore_a
Snake:2:  layout_grid_shapes, hangedman_snake_corridor_split, lemuel_fruit_tree,
          uniq_kirke
Snake:3:  layout_gridlike, guppyfry_library_mini, uniq_vashnia
Orc:1:    layout_caves, basic_altar, bloody_trog
Orc:2:    grunt_orc_community_town_hall, layout_caves,
          grunt_orc_community_big_house_1, grunt_orc_community_big_house_1,
          grunt_orc_community_house_2, grunt_orc_community_house_3,
          grunt_orc_community_house_3, grunt_orc_community_house_2,
          grunt_orc_community_house_2, grunt_orc_community_house_1,
          serial_shops, shop_fountains, nicolae_shop_stone, nicolae_shop_stone,
          shop_fountains

Skill      XL: |  1  2  3  4  5  6  7  8  9 10 11 12 13 14 15 16 |
---------------+-------------------------------------------------+-----
Unarmed Combat | 3 4 5 8 9 10 12 13 | 13.8
Fighting       | 1 2 3 4 5 7 8 9 10 12 | 12.7
Dodging        | 3 4 5 7 8 11 12 14 | 14.4
Evocations     | 2 5 |  5.0
Transmutations | 3 7 |  7.0
Ice Magic      | 3 |  3.0
Invocations    | 1 3 7 9 |  9.0
Armour         | 7 11 | 11.0
Spellcasting   | |  3.0

Action                   |  1- 3 |  4- 6 |  7- 9 | 10-12 | 13-15 | 16-18 || total
-------------------------+-------+-------+-------+-------+-------+-------++-------
Melee: Unarmed           |   113 |   153 |   334 |   520 |   936 |   184 ||  2240
       Punch             |     3 |     2 |     1 |     1 |    61 |    27 ||    95
       Kick              |     3 |       |       |       |       |       ||     3
       Headbutt          |     1 |       |       |       |       |       ||     1
       Glaive            |       |       |    40 |    46 |    54 |       ||   140
Throw: Boomerang         |       |     2 |       |     2 |     3 |       ||     7
 Cast: Beastly Appendage |     6 |       |       |       |       |       ||     6
       Spider Form       |     2 |    15 |    22 |       |       |       ||    39
       Sticks to Snakes  |       |     5 |     4 |    20 |    12 |       ||    41
       Ice Form          |       |       |    19 |    48 |    31 |       ||    98
       Blade Hands       |       |       |       |     6 |   112 |    26 ||   144
Invok: Bend Time         |       |       |     1 |     7 |     1 |       ||     9
       Slouch            |       |       |       |     7 |     6 |     2 ||    15
       Step From Time    |       |       |       |       |     1 |       ||     1
 Abil: End Transformatio |       |       |     2 |     3 |     5 |       ||    10
       Blink             |       |       |     1 |     1 |     3 |     1 ||     6
Evoke: Wand              |       |       |     1 |    13 |    12 |    15 ||    41
       Phial of floods   |       |       |       |     2 |       |     2 ||     4
  Use: Scroll            |     6 |     5 |     6 |     9 |    14 |     3 ||    43
       Potion            |     1 |     2 |     5 |     2 |     3 |     4 ||    17
 Stab: Sleeping          |     2 |     1 |     7 |     4 |     4 |     1 ||    19
       Distracted        |       |     1 |       |       |     2 |       ||     3
       Paralysed         |       |       |       |     8 |    10 |       ||    18
       Invisible         |       |       |       |     1 |       |       ||     1
  Eat: Chunk             |    15 |    14 |    26 |    19 |    43 |     5 ||   122
       Ration            |       |       |       |       |     5 |     1 ||     6
Armor: Robe              |    22 |    12 |    12 |       |       |       ||    46
       Skin              |       |     2 |    42 |    76 |    35 |       ||   155
       Troll leather arm |       |       |       |     8 |    56 |    12 ||    76
Dodge: Dodged            |    80 |   121 |   271 |   523 |  1011 |   266 ||  2272
Block: Other             |       |       |       |       |    31 |       ||    31
       Reflection        |       |       |       |       |     1 |       ||     1

Table legend:
 A = Non-vault XP
 B = Vault XP
 C = Vault XP percentage of total XP
 D = Non-vault monster count
 E = Vault monster count
 F = Vault count percentage of total count
                 A         B        C        D         E       F
            +---------+---------+-------+---------+---------+-------
      Total |  143264 |   51478 |  26.4 |     651 |     225 |  25.7
            +---------+---------+-------+---------+---------+-------
        D:1 |      15 |       2 |  11.8 |      10 |       1 |   9.1
        D:2 |      26 |      17 |  39.5 |      11 |       3 |  21.4
        D:3 |     140 |       0 |   0.0 |      15 |       0 |   0.0
        D:4 |     558 |      33 |   5.6 |      24 |       1 |   4.0
        D:5 |     424 |     165 |  28.0 |      15 |       1 |   6.2
        D:6 |     539 |       0 |   0.0 |       8 |       0 |   0.0
        D:7 |     648 |       0 |   0.0 |      21 |       0 |   0.0
        D:8 |     483 |       0 |   0.0 |      18 |       0 |   0.0
        D:9 |    1626 |     849 |  34.3 |      28 |       2 |   6.7
       D:10 |    4318 |    2635 |  37.9 |      35 |      28 |  44.4
       D:11 |    2947 |    1663 |  36.1 |      19 |      14 |  42.4
       D:12 |    8699 |     328 |   3.6 |      52 |       1 |   1.9
       D:13 |   12477 |     282 |   2.2 |      43 |       1 |   2.3
       D:14 |    9114 |    2931 |  24.3 |      26 |       5 |  16.1
       D:15 |   14416 |    2184 |  13.2 |      31 |       3 |   8.8
     Lair:1 |    5672 |     741 |  11.6 |      25 |       2 |   7.4
     Lair:2 |    6373 |     460 |   6.7 |      29 |       4 |  12.1
     Lair:3 |    3167 |     800 |  20.2 |      15 |       5 |  25.0
     Lair:4 |    7875 |    1353 |  14.7 |      30 |       1 |   3.2
     Lair:5 |    3431 |    4836 |  58.5 |      14 |      28 |  66.7
     Lair:6 |   10216 |   13018 |  56.0 |      39 |      27 |  40.9
    Snake:1 |   17446 |       0 |   0.0 |      32 |       0 |   0.0
    Snake:2 |   26431 |    9486 |  26.4 |      46 |      22 |  32.4
    Snake:3 |    2103 |       0 |   0.0 |       4 |       0 |   0.0
      Orc:1 |    1652 |       0 |   0.0 |      21 |       0 |   0.0
      Orc:2 |    2468 |    9695 |  79.7 |      40 |      76 |  65.5
            +---------+---------+-------+---------+---------+-------
